 Dungeon Crawl Stone Soup version 0.21-a0 (webtiles) character file.

2223 Manul the Grappler (level 9, 0/84 HPs)
             Began as a Troll Monk on May 20, 2017.
             Slain by an orc warrior
             ... wielding a +0 halberd
              (24 damage)
             ... on level 8 of the Dungeon.
             The game lasted 00:08:25 (6736 turns).

Manul the Grappler (Troll Monk)                     Turns: 6736, Time: 00:08:26

Health: 0/84       AC:  5    Str: 22    XL:     9   Next: 13%
Magic:  8/8        EV: 13    Int:  6    God:
Gold:   279        SH:  0    Dex: 17    Spells: 8/8 levels left

rFire    . . .     SeeInvis .     - Unarmed
rCold    . . .     Gourm    +   (no shield)
rNeg     + . .     Faith    .   a - +0 robe
rPois    .         Spirit   .   (helmet restricted)
rElec    .         Reflect  .   y - scarf {repulsion}
rCorr    .         Harm     .   (gloves unavailable)
MR       .....                  (boots unavailable)
Stlth    ++........             (no amulet)
Regen    0.7/turn               o - ring of positive energy
MPRegen  0.2/turn               A - +3 ring of dexterity

@: repel missiles
A: unfitting armour, claws 3, fast metabolism 3, gourmand, regeneration 1,
shaggy fur 1, tough skin 2
a: no special abilities


You were on level 8 of the Dungeon.
You were full.

You visited 2 branches of the dungeon, and saw 9 of its levels.

You collected 279 gold pieces.

Inventory:

Armour
 a - a +0 robe (worn)
 y - a scarf of repulsion (worn)
 B - a cursed +0 shield
Jewellery
 d - an uncursed ring of ice
 o - a ring of positive energy (left claw)
 s - an uncursed ring of fire
 A - a +3 ring of dexterity (right claw)
Wands
 l - a wand of confusion (40/48)
 w - a wand of iceblast (10/15)
 x - a wand of flame (27/48)
Scrolls
 f - 4 scrolls of remove curse
 h - a scroll of enchant weapon
 m - 7 scrolls of teleportation {unknown}
 n - 3 scrolls of magic mapping {unknown}
 q - a scroll of recharging
 t - a scroll of fear
 u - a scroll of enchant armour {unknown}
 z - a scroll of random uselessness {unknown}
 C - a scroll of amnesia
 D - a scroll of identify
Potions
 c - 3 potions of haste {unknown}
 e - a potion of cancellation
 g - 4 potions of resistance
 i - a potion of lignification {unknown}
 j - a potion of flight {unknown}
 p - 5 potions of heal wounds
 r - 6 potions of curing
 v - a potion of degeneration {unknown}
Comestibles
 b - 5 bread rations
 k - 7 meat rations


   Skills:
 + Level 4.1 Fighting
 + Level 5.0 Dodging
 - Level 2.0 Stealth
 + Level 10.1 Unarmed Combat
 + Level 0.1 Evocations


You had 8 spell levels left.
You didn't know any spells.

Dungeon Overview and Level Annotations

Branches:
Dungeon (8/15)             Temple (1/1) D:5
   Lair: D:8-11

Altars:
Cheibriados
Dithmenos
Fedhas
Hepliaklqana
Makhleb
Okawaru
Qazlal
Trog
Uskayaw
Xom

Shops:
D:4 !   D:6 =


Innate Abilities, Weirdness & Mutations

You are too large for most types of armour.
You have claws for hands.
Your metabolism is lightning-fast.
You like to eat raw meat.
Your natural rate of healing is unusually fast.
You are covered in fur. (AC +1)
You have very tough skin. (AC +2)


Message History

The orc warrior is almost dead.
The orc warrior hits you with a halberd!!
Something hits you. Something shocks you.
* * * LOW HITPOINT WARNING * * *
You are too injured to fight recklessly!
You are too injured to fight recklessly!
You are too injured to fight recklessly!
You are too injured to fight recklessly!
You are too injured to fight recklessly!
You are too injured to fight recklessly!
You are too injured to fight recklessly!
You are too injured to fight recklessly!
You are too injured to fight recklessly!
You are too injured to fight recklessly!
You are too injured to fight recklessly!
You are too injured to fight recklessly!
You closely miss the orc warrior.
The orc warrior is almost dead.
The orc warrior hits you with a halberd!!
You die...

#######
##.....##
##....$..##
#.?.......#
#.........#
#.........#
#.....o[..#
#......@..#
#.....{...#
........[.....#
##.........##...
...|.......# ##
...........#
..........##
..........)
......###.##


You could see an orc warrior.

Vanquished Creatures
  A hungry ghost (D:7)
  3 orc warriors
  3 phantoms
  A black bear (D:6)
  3 ogres
  A centaur (D:6)
  A gnoll sergeant (D:6)
  A scorpion (D:5)
  A howler monkey (D:6)
  3 crimson imps
  A quasit (D:8)
  A centaur zombie (D:5)
  A jelly (D:5)
  2 bullfrog skeletons
  3 hounds
  4 orc priests
  2 orc wizards (D:7)
  2 iguanas
  A worker ant (D:7)
  15 gnolls
  7 adders
  A shadow imp (D:6)
  An ooze (D:5)
  2 adder skeletons (D:4)
  An adder zombie (D:6)
  2 worms
  A dart slug (D:2)
  6 leopard geckos
  26 orcs
  9 giant cockroaches
  4 goblins
  6 hobgoblins
  3 jackals (D:3)
  8 kobolds
  4 quokkas
  A ball python (D:6)
  6 bats
  7 frilled lizards
  11 rats
156 creatures vanquished.

Notes
Turn   | Place    | Note
-------+----------+-------------------------------------------
     0 | D:1      | Manul the Troll Monk began the quest for the Orb.
     0 | D:1      | Reached XP level 1. HP: 22/22 MP: 0/0
   185 | D:1      | Reached XP level 2. HP: 28/29 MP: 1/1
  1055 | D:2      | Reached XP level 3. HP: 36/36 MP: 2/2
  1671 | D:3      | Reached skill level 4 in Unarmed Combat
  1687 | D:3      | Reached XP level 4. HP: 37/44 MP: 3/3
  1989 | D:3      | Reached XP level 5. HP: 23/52 MP: 4/4
  2220 | D:4      | Reached skill level 5 in Unarmed Combat
  2647 | D:4      | Found Juigipux's Distillery.
  3009 | D:3      | Reached XP level 6. HP: 51/59 MP: 5/5
  3348 | D:5      | Entered Level 5 of the Dungeon
  3357 | D:5      | Found a staircase to the Ecumenical Temple.
  3386 | Temple   | Entered the Ecumenical Temple
  3597 | D:5      | Found a burning altar of Makhleb.
  3600 | D:5      | Found an iron altar of Okawaru.
  3603 | D:5      | Found a shimmering altar of Xom.
  3905 | D:5      | Reached skill level 6 in Unarmed Combat
  3905 | D:5      | Reached XP level 7. HP: 58/67 MP: 6/6
  4629 | D:5      | Reached skill level 7 in Unarmed Combat
  5503 | D:6      | Reached XP level 8. HP: 63/76 MP: 7/7
  5631 | D:6      | Found a bloodstained altar of Trog.
  5677 | D:6      | Reached skill level 8 in Unarmed Combat
  5690 | D:6      | Found Nara's Jewellery Shop.
  6049 | D:7      | Reached skill level 9 in Unarmed Combat
  6367 | D:6      | Reached XP level 9. HP: 64/84 MP: 8/8
  6529 | D:7      | Reached skill level 10 in Unarmed Combat
  6545 | D:8      | Reached skill level 5 in Dodging
  6736 | D:8      | Slain by an orc warrior

Vault maps used:
D:1:      ncdulo_watergridlock, st_stairs_11
D:3:      first_bread, minmay_vboxes
D:4:      serial_shops, shop, hangedman_decor_growths
D:5:      grunt_temple_overflow_diamond, minmay_temple_entry_overgrown
D:6:      serial_shops, shop_statue, basic_altar, minmay_misc_feat_square
D:7:      basic_altar
D:8:      evilmike_ruin_ashenzari, david_nohive_1, nicolae_lava_and_water
Temple:   minmay_temple_bridge_d

Skill      XL: |  1  2  3  4  5  6  7  8  9 |
---------------+----------------------------+-----
Unarmed Combat | 4 5 6 7 9 10 | 10.1
Dodging        | 3 4 5 |  5.0
Fighting       | 3 4 |  4.1
Stealth        | 2 |  2.0
Evocations     | |  0.1

Action                   |  1- 3 |  4- 6 |  7- 9 || total
-------------------------+-------+-------+-------++-------
Melee: Unarmed           |   103 |   166 |   185 ||   454
       Punch             |     2 |     1 |     6 ||     9
Evoke: Wand              |       |     2 |     3 ||     5
  Use: Scroll            |       |       |    10 ||    10
 Stab: Sleeping          |     6 |     4 |     3 ||    13
       Distracted        |       |       |     1 ||     1
       Confused          |       |       |     1 ||     1
  Eat: Chunk             |    21 |    20 |    27 ||    68
Armor: Robe              |    31 |    54 |    38 ||   123
Dodge: Dodged            |    45 |    99 |   107 ||   251
       Deflected         |       |       |     3 ||     3
